 Dungeon Crawl Stone Soup version 0.27-a0-686-gaed091b46b (webtiles) character file.

Game seed: 11235487789026870714

14 Goblin1989 the Sneak (level 2, -2/24 HPs)
             Began as a Demonspawn Delver on Mar 20, 2021.
             Slain by an adder (4 damage)
             ... on level 3 of the Dungeon.
             The game lasted 00:01:42 (255 turns).

Goblin1989 the Sneak (Demonspawn Delver)             Turns: 255, Time: 00:01:43

Health: -2/24      AC:  5    Str: 12    XL:     2   Next: 27%
Magic:  2/2        EV: 11    Int: 11    God:
Gold:   33         SH:  0    Dex: 14    Spells: 1/1 levels left

rFire    . . .     SeeInvis .   a - +0 short sword
rCold    . . .     Faith    .   (no shield)
rNeg     . . .     Spirit   .   b - +0 leather armour
rPois    .         Reflect  .   (no helmet)
rElec    .         Harm     .   (no cloak)
rCorr    .         Rampage  .   (no gloves)
Will     .....                  (no boots)
Stlth    +++.......             (no amulet)
HPRegen  0.08/turn              (no ring)
MPRegen  0.08/turn              (no ring)

@: lethally poisoned (-2 -> -8)
A: icy blue scales 1
a: no special abilities


You were on level 3 of the Dungeon.
You visited 1 branch of the dungeon, and saw 3 of its levels.

You collected 33 gold pieces.

Inventory:

Hand Weapons
 a - a +0 short sword (weapon)
Armour
 b - a +0 leather armour (worn)
Wands
 g - a wand of digging (3) {@v1}
Scrolls
 c - a scroll of fog
 e - a scroll of fear
Potions
 f - a potion of haste {@q3,}


   Skills:
 - Level 3.0 Fighting
 + Level 2.2 Short Blades
 - Level 1.7 Dodging
 + Level 4.8 Stealth


You had one spell level left.
You didn't know any spells.
Your spell library was empty.

Dungeon Overview and Level Annotations

Branches:
Dungeon (5/15)
 Temple: D:4-7

Altars:

Annotations:
D:3 Natasha
D:5 Sigmund


Innate Abilities, Weirdness & Mutations

You are partially covered in icy blue scales. (AC +2)


Message History

You kill the bat!
Your Short Blades skill increases to level 2!
The helpless bat fails to defend itself.
You puncture the bat!
You kill the bat!
Health restored: 18 No target in view!
No target in view!
No target in view!
No target in view!
No target in view!
No target in view!
No target in view!
No target in view!
No target in view!
No target in view!
No target in view!
No target in view!
No target in view!
No target in view!
No target in view!
No target in view!
No target in view!
You open the door.
An adder comes into view.
Found 8 stones.
The adder hisses angrily.
There is an open door here.
The adder bites you but does no damage. The adder barely misses you.
You closely miss the adder. The adder bites you.
You are poisoned.
The adder poisons you!
You take 1 damage, and have 17/18 hp.
You barely miss the adder.
You feel sick. The adder barely misses you.
You take 1 damage, and have 16/18 hp.
You closely miss the adder. The adder barely misses you.
The adder bites you but does no damage.
You miss the adder. The adder bites you.
You take 2 damage, and have 14/18 hp.
You hit the adder.
The adder is heavily wounded.
You feel sick. The adder bites you.
You are more poisoned.
The adder poisons you!
You take 2 damage, and have 12/18 hp.
You miss the adder.
The adder is heavily wounded.
The adder bites you. The adder misses you.
You take 3 damage, and have 9/18 hp.
You hit the adder.
The adder is severely wounded.
* * * LOW HITPOINT WARNING * * *
You feel sick. The adder bites you.
* * * LOW HITPOINT WARNING * * *
You take 2 damage, and have 7/18 hp.
You closely miss the adder.
The adder is severely wounded.
* * * LOW HITPOINT WARNING * * *
You feel sick. The adder bites you.
* * * LOW HITPOINT WARNING * * *
You are more poisoned.
The adder poisons you!
You take 2 damage, and have 5/18 hp.
You hit the adder.
You kill the adder!
You have reached level 2!
Your demonic ancestry asserts itself...
Icy blue scales grow over part of your body.
You regained 2 hp, and now have 7/24 hp.
MP restored: 2 Unknown command.
It was a potion of cancellation.
You feel magically purged.
* * * LOW HITPOINT WARNING * * *
You feel sick.
You take 1 damage, and have 6/24 hp.
* * * LOW HITPOINT WARNING * * *
You feel sick.
You see here an adder corpse.
You take 1 damage, and have 5/24 hp.
* * * LOW HITPOINT WARNING * * *
You feel sick.
You see here 8 stones {@Q3}.
As you open the door, it creaks loudly!
You hear an angry hiss.
* * * LOW HITPOINT WARNING * * *
You feel sick.
An adder comes into view.
There is an open door here.
You take 1 damage, and have 4/24 hp.
As you read the scroll of magic mapping, it crumbles to dust.
You feel aware of your surroundings.
* * * LOW HITPOINT WARNING * * *
You feel sick.
You take 1 damage, and have 3/24 hp.
The adder hisses angrily.
* * * LOW HITPOINT WARNING * * *
You feel sick.
Found a scroll labelled KERYNAITAUG.
You take 1 damage, and have 2/24 hp.
The adder bites you.
You die... ▓·▓ ▓▓▓▓▓▓▓▓▓▓▓▓▓▓▓▓▓▓▓▓▓▓▓▓·▓ ·························▓ ·▓▓▓▓▓▓▓▓▓▓▓▓▓▓▓▓▓▓▓▓▓▓▓·▓ ·▓ ▓·············▓ ▓▓ █·▓▓▓▓▓▓▓▓▓▓▓▓▓ █.███████ █████████

▓▓▓▓▓█.......█ █.......█
▓▓▓····█...S@..█████.......██
▓····.?........∆(†.∆.........
▓·▓··..█.......█████.......██
▓·▓····██......█▓▓▓█.......██
▓>·····.........··▓█.......██
▓▓▓···.██████████·▓██████████
▓··.·▓ ▓··▓ █ ▓▓▓▓▓▓ ▓▓·▓ █
▓▓▓·▓▓ █


You could see an adder.

Vanquished Creatures
  An adder (D:3)
  A leopard gecko (D:3)
  A giant cockroach (D:3)
  2 bats (D:3)
5 creatures vanquished.

Notes
Turn   | Place    | Note
-------+----------+-------------------------------------------
     0 | D:5      | Goblin1989 the Demonspawn Delver began the quest for the
                  | Orb.
     0 | D:5      | Reached XP level 1. HP: 18/18 MP: 1/1
    13 | D:5      | Noticed Sigmund
   193 | D:3      | Noticed Natasha
   247 | D:3      | Gained mutation: You are partially covered in icy blue
                  | scales. (AC +2) [demonic ancestry]
   247 | D:3      | Reached XP level 2. HP: 7/24 MP: 2/2
   255 | D:3      | Slain by an adder

Illustrated notes

Levels and vault maps discovered:
D:3:      layout_basic, serial_curves, eino_curves_02, eino_curves_01,
          uniq_natasha, uniq_jessica
D:4:      layout_basic
D:5:      layout_cave_pools, gammafunk_temple_overflow_forgotten, uniq_sigmund

Skill      XL: |  1 |
---------------+----+-----
Short Blades   | 2 |  2.2
Fighting       | |  3.0
Dodging        | |  1.7
Stealth        | |  4.8

Action                   || total
-------------------------++-------
Melee: Short sword       ||    16
  Use: Scroll            ||     1
       Potion            ||     1
 Stab: Sleeping          ||     1
Armor: Leather armour    ||     4
Dodge: Dodged            ||     7

Table legend: (Time is in decaauts)
 A = Elapsed time spent in this place.
 B = Non-inter-level travel time spent in this place.
 C = Inter-level travel time spent in this place.
 D = Time resting spent in this place.
 E = Time spent auto-exploring this place.
 F = Levels seen in this place.
 G = Mean time per level.
                   A        B        C        D        E       F      G
               +--------+--------+--------+--------+--------+-----+--------+
         Total |    255 |    255 |      0 |     81 |      0 |   3 |   85.0 |
       Dungeon |    255 |    255 |      0 |     81 |      0 |   3 |   85.0 |
               +--------+--------+--------+--------+--------+-----+--------+

Top non-repeatable levels by time:
     D:3: 198 daAuts
     D:5: 38 daAuts
     D:4: 19 daAuts
